Unix NetHack Version 5.0.0-0 post-release - last build May 23 2026 06:08:33 (1c0ff79ee797540d5714e4e18072db0edd9e58ae,branch:main).

Game began 2026-05-25 08:58:41, ended 2026-05-25 10:56:23.

Atomicjoy, chaotic male elven Wizard

                                                        ------------------
                                                       |...............h.|
                                                -------|.---------------@|
                                                .......|.|..........[....|
                                                -------|.|.{.----.?-------
                                                ------ |.|...|---..-------
                                           ..........|--.----|...........|
                              -----------------------|.......|---..-----.|
                 ....|..------------------------------..-----|..|..|   |.|
                  ...|..............  .............. ...|....|..|..|   |.|
               $   .---------------------------------- .---..|..|..----|.|
                   ..|..|...................^.......^|....|..---|...
                    .|..|..^.....................).---....|.....|--.
                     |........[......<............*|...---|.|`--- |?
                     |..|.........(................|...| ---|`|
                     |..----------------------------...|--.----
                     |...........[.....................|.?.....
                     ------------------------------------------
Atomicjoy the Thaumaturge  St:5 Dx:15 Co:13 In:19 Wi:10 Ch:12  Chaotic
Dlvl:12 $:1167 HP:0(54) Pw:4(95) AC:-5 Xp:8/1464 T:8646  Hungry   Stressed

Latest messages:
 j - an uncursed scroll of charging.
 k - an uncursed mirror.
 o - 3 uncursed worthless pieces of green glass.
 p - a blessed +1 dagger.
 q - an uncursed scroll of enchant armor.
 r - an uncursed flint stone.
 s - 2 uncursed potions of gain energy.
 t - a cursed ring of hunger.
 u - 17 +0 daggers.
 w - a cursed potion of see invisible.
 x - a cursed potion of object detection.
 y - a wand of probing (0:4).
 z - 2 uncursed worthless pieces of blue glass.
 B - an uncursed +0 cornuthaum (being worn).
 C - 2 uncursed tallow candles.
 D - a wand of create monster (0:13).
 E - an uncursed potion of water.
 H - a blessed oil lamp.
 I - a blessed greased rotproof +3 silver dragon scale mail (being worn).
 L - a wand of light (0:14).
 M - a blessed potion of extra healing.
 N - an uncursed +0 pair of high boots (being worn).
 P - an uncursed ring of conflict.
 Q - a wand of create monster (0:13).
 R - 2 uncursed scrolls of light.
 U - an uncursed tin whistle.
 V - an uncursed jasper stone.
 W - a +1 dagger.
 X - an uncursed scroll of create monster.
 Y - a +0 elven dagger.
 Z - an uncursed potion of paralysis.
 Felix is caught in a spider web.
 In what direction? 6
 The spell hits the dwarf!
 You kill the dwarf!
 You attack thin air.
 You hear bubbling water.
 You attack thin air.
 You don't have enough energy to cast that spell.
 You hit the dwarf.
 The dwarf swings her broad pick.
 The dwarf hits!
 You don't have enough energy to cast that spell.
 You don't have enough stamina to move.
 The dwarf swings her broad pick.
 The dwarf misses!
 The dwarf swings her broad pick.
 The dwarf hits!
 You die...
 Do you want your possessions identified? [ynq] (y) q

Inventory:
 Coins    ('$')
  $ - 1167 gold pieces
 Weapons  (')')
  p - a blessed +1 dagger
  W - a +1 dagger
  u - 17 +0 daggers
  Y - a +0 elven dagger
  a - a blessed +1 quarterstaff (weapon in hands)
 Armor    ('[')
  B - an uncursed +0 cornuthaum (being worn)
  N - an uncursed +0 pair of high boots (being worn)
  b - an uncursed +0 cloak of magic resistance (being worn)
  I - a blessed greased rotproof +3 silver dragon scale mail (being worn)
 Comestibles  ('%')
  v - 3 uncursed slime molds
  G - 2 uncursed food rations
 Scrolls  ('?')
  j - an uncursed scroll of charging
  X - an uncursed scroll of create monster
  q - an uncursed scroll of enchant armor
  h - an uncursed scroll of genocide
  R - 2 uncursed scrolls of light
  i - an uncursed scroll of stinking cloud
 Potions  ('!')
  f - an uncursed diluted potion of booze
  K - an uncursed potion of confusion
  M - a blessed potion of extra healing
  s - 2 uncursed potions of gain energy
  g - 4 uncursed potions of healing
  x - a cursed potion of object detection
  Z - an uncursed potion of paralysis
  O - an uncursed potion of see invisible
  w - a cursed potion of see invisible
  J - 2 potions of holy water
  E - an uncursed potion of water
 Rings    ('=')
  P - an uncursed ring of conflict
  t - a cursed ring of hunger
  e - an uncursed ring of polymorph control
  d - an uncursed ring of regeneration
 Wands    ('/')
  D - a wand of create monster (0:13)
  Q - a wand of create monster (0:13)
  c - a wand of digging (0:8)
  L - a wand of light (0:14)
  y - a wand of probing (0:4)
 Tools    ('(')
  n - an uncursed tooled horn
  A - an uncursed lock pick
  m - a magic marker (0:20)
  k - an uncursed mirror
  H - a blessed oil lamp
  l - an uncursed stethoscope
  C - 2 uncursed tallow candles
  F - an uncursed tin opener
  U - an uncursed tin whistle
  S - an uncursed towel
 Gems/Stones  ('*')
  V - an uncursed jasper stone
  z - 2 uncursed worthless pieces of blue glass
  o - 3 uncursed worthless pieces of green glass
  r - an uncursed flint stone

Atomicjoy the Wizard's attributes:

Background:
 You were a Thaumaturge, a level 8 male elven Wizard.
 You were chaotic, on a mission for Anhur
 who was opposed by Ptah (lawful) and Thoth (neutral).
 You were right-handed.
 You were in the Gnomish Mines, on level 12.
 You entered the dungeon 8646 turns ago.
 You had 1464 experience points, 1096 more were needed to attain level 9.

Basics:
 You had 0 out of 54 hit points.
 You had 4 out of 95 energy points (spell power).
 Your armor class was -5.
 Your wallet contained 1167 zorkmids.
 Autopickup was off.

Final Characteristics:
 Your strength was 5 (peak:12, limit:18).
 Your dexterity was 15 (limit:18).
 Your constitution was 13 (limit:16).
 Your intelligence was 19 (limit:20).
 Your wisdom was 10 (limit:20).
 Your charisma was 12 (base:11, limit:18).

Final Status:
 You were hungry.
 You were stressed; movement was moderately slowed.
 You were wielding a quarterstaff.
 You had basic skill with quarterstaff and could have enhanced that.

Final Attributes:
 You were piously aligned.
 You were magic-protected.
 You were fire resistant.
 You were sleep resistant.
 You were poison resistant.
 You were clairvoyant.
 You had infravision.
 You were warded.
 You had reflection.
 You are dead.

Miscellaneous:
 You encountered 1 bones level.
 Total elapsed playing time was 1 hour, 57 minutes and 41 seconds.

Major events:
 Turn
    1: Atomicjoy the chaotic male elven Wizard entered the dungeon
 1959: entered the Gnomish Mines
 2640: attained the rank of Conjurer (level 3)
 2725: consulted the Oracle
 5203: attained the rank of Thaumaturge (level 6)
 6465: reached Mine Town
 7448: made his first wish - "blessed fixed greased +3 silver dragon scale mail", got "a greased silver dragon scale mail"
 8646: killed by a dwarf

Spells:
 Name                 Level Category     Fail Retention
 force bolt             1   attack         0%   56%-60%
 confuse monster        1   enchantment    0%   51%-60%
 magic mapping          5   divination    98%   51%-75%

Skills:
 Fighting Skills
   bare handed combat [Unskilled]
   riding             [Unskilled]
 Weapon Skills
   dagger             [Unskilled]
   knife              [Unskilled]
   axe                [Unskilled]
   short sword        [Unskilled]
   club               [Unskilled]
   mace               [Unskilled]
   quarterstaff       [Basic]
   polearms           [Unskilled]
   spear              [Unskilled]
   trident            [Unskilled]
   sling              [Unskilled]
   dart               [Unskilled]
   shuriken           [Unskilled]
 Spellcasting Skills
   attack spells      [Skilled]
   healing spells     [Unskilled]
   divination spells  [Unskilled]
   enchantment spells [Basic]
   clerical spells    [Unskilled]
   escape spells      [Unskilled]
   matter spells      [Unskilled]

Voluntary challenges:
 Character rerolling was not enabled.
 You never genocided any monsters.
 You never polymorphed an object.
 You never changed form.
 You used 1 wish.
 You did not wish for any artifacts.
Achievements:
 You entered a shop.
 You entered the Gnomish Mines.
 You attained the rank of Conjurer.
 You consulted the Oracle of Delphi.
 You attained the rank of Thaumaturge.
 You entered Minetown.
 You entered a temple.

 The Dungeons of Doom: levels 1 to 5
    Level 1:
       Many fountains, a sink.
    Level 2:
       A general store.
    Level 3:
       An altar to Anhur.
    Level 4:
       A potion shop, an altar.
       Stairs down to The Gnomish Mines.
    Level 5:
       Many fountains.
       Oracle of Delphi.
 The Gnomish Mines: levels 5 to 12
    Level 5:
    Level 6:
    Level 7:
       Many shops, a temple and an altar to Anhur, some fountains, some trees.
       Final resting place for
          Atomicjoy-Wiz-Elf-Mal-Cha, killed by a horse.
    Level 8:
    Level 9:
    Level 10:
    Level 11:
    Level 12: <- You were here.
       A fountain.
       Final resting place for
          you, killed by a dwarf.


Vanquished creatures:
  a ghost
  a large mimic
 an earth elemental
  a gelatinous cube
  a human mummy
  3 watchmen
  a chameleon
  2 giant beetles
  3 winter wolf cubs
  a panther
  a leprechaun
  2 giant spiders
  a horse
  2 gnome rulers
  2 lizards
  a dog
  a raven
  a bugbear
  a mountain nymph
  a rock piercer
  2 rock moles
  a fog cloud
  2 shriekers
 12 gnome leaders
  2 gnomish wizards
  a kobold mummy
  6 giant ants
  a floating eye
  a kitten
 10 dwarves
  a kobold leader
 10 hill orcs
  a rothe
  a centipede
  a giant bat
  a dwarf zombie
 an iguana
  3 acid blobs
  2 coyotes
  a gas spore
  3 hobbits
  2 hobgoblins
  3 giant rats
  3 cave spiders
  2 yellow molds
  a green mold
  3 red molds
 43 gnomes
  2 gnome zombies
  7 geckos
  9 jackals
  a fox
  4 kobolds
  7 goblins
  a sewer rat
  5 grid bugs
  4 bats
  6 lichens
  3 kobold zombies
 14 newts
211 creatures vanquished.

No species were genocided or became extinct.

Game over:
                       ----------
                      /          \
                     /    REST    \
                    /      IN      \
                   /     PEACE      \
                  /                  \
                  |    Atomicjoy     |
                  |     1167 Au      |
                  |   killed by a    |
                  |      dwarf       |
                  |                  |
                  |                  |
                  |       2026       |
                 *|     *  *  *      | *
        _________)/\\_//(\/(/\)/\//\/|_)_______

Goodbye Atomicjoy the Wizard...

You died in The Gnomish Mines on dungeon level 12 with 7458 points,
and 1167 pieces of gold, after 8646 moves.
You were level 8 with a maximum of 54 hit points when you died.

